 Dungeon Sprint DCSS version 0.27-a0-797-g27d10ad80f (webtiles) character file.

Game seed: 2539596327685121281

179 mhtbhm the Chopper (level 5, -7/59 HPs)
             Began as a Troll Berserker on Mar 27, 2021.
             Was an Elder of Trog.
             Mangled by an eight-headed hydra (14 damage)
             ... in the Dungeon (Sprint VII: "The Pits").
             The game lasted 00:01:00 (457 turns).

mhtbhm the Chopper (Troll Berserker)                 Turns: 457, Time: 00:01:01

Health: -7/59      AC:  4    Str: 26    XL:     5   Next: 32%
Magic:  4/4        EV: 11    Int:  3    God:    Trog [****..]
Gold:   0          SH:  0    Dex:  9    Spells: 4/4 levels left

rFire    . . .     SeeInvis .   a - +2 hand axe (vorpal)
rCold    . . .     Faith    .   (no shield)
rNeg     . . .     Spirit   .   b - +0 animal skin
rPois    .         Reflect  .   (helmet restricted)
rElec    .         Harm     .   (no cloak)
rCorr    .         Rampage  .   (gloves unavailable)
Will     .....     NoTele   +   (boots unavailable)
Stlth    +.........             (no amulet)
HPRegen  1.19/turn              (no ring)
MPRegen  0.09/turn              (no ring)

@: hasted, very quick
A: large, unfitting armour, claws 3, regeneration 1, shaggy fur 1, tough skin 1
a: Renounce Religion, Berserk, Trog's Hand, Brothers in Arms


You were in the Dungeon.
You worshipped Trog.
Trog was greatly pleased with you.
You visited 1 branch

Inventory:

Hand Weapons
 a - a +2 vorpal hand axe (weapon)
Armour
 b - a +0 animal skin (worn)
Scrolls
 h - a scroll of blinking
 j - a scroll of summoning
Potions
 c - 6 potions of curing
 d - 6 potions of heal wounds
 f - 4 potions of magic
 g - 3 potions of berserk rage
 i - 2 potions of invisibility


   Skills:
 + Level 5.7 Fighting
 + Level 6.2 Axes
 + Level 5.3 Dodging
 + Level 0.2 Stealth


You had 4 spell levels left.
You didn't know any spells.
Your spell library was empty.

Dungeon Overview and Level Annotations

Branches:
Dungeon (1/1)

Altars:
Gozag
Hepliaklqana
Sif Muna
Trog
Jiyva


Innate Abilities, Weirdness & Mutations

You are too large for most types of armour.
You have claws for hands.
Your natural rate of healing is unusually fast.
You are covered in fur. (AC +1)
You have tough skin. (AC +1)


Message History

You closely miss the bullfrog.
The bullfrog is severely wounded.
The bullfrog hits you!
You hit the bullfrog.
The bullfrog is almost dead.
The bullfrog hits you. The bullfrog misses you.
You hit the bullfrog.
You kill the bullfrog!
Trog accepts your kill.
Your Axes skill increases to level 6!
Your Dodging skill increases to level 5!
You have reached level 5!
You start resting.
HP restored.
An endoplasm comes into view.
The endoplasm misses you.
You slash the endoplasm!
You kill the endoplasm!
Trog accepts your kill.
You open the door.
An endoplasm comes into view.
The endoplasm quivers.
You slash the endoplasm!
You kill the endoplasm!
Trog accepts your kill.
There is an open door here.
You open the door.
An eight-headed hydra comes into view.
The eight-headed hydra roars!
Okay, then.
Okay, then.
You feel yourself speed up. The eight-headed hydra bites you!
The eight-headed hydra barely misses you.
The eight-headed hydra bites you. The eight-headed hydra bites you! x3
* * * LOW HITPOINT WARNING * * *
The eight-headed hydra bites you!
* * * LOW HITPOINT WARNING * * *
The eight-headed hydra closely misses you.
The eight-headed hydra bites you!
You die...

#.#........##.......#
#'###########.......#
#.......# #########
#.###...# #.#.....#
#.#...#.#+#
#.....#.#.+
#...###.#D#
#.......@.#
###########


You could see an eight-headed hydra.

Vanquished Creatures
  A bullfrog (D)
  A scorpion (D)
  A jelly (D)
  2 adders (D)
  A gnoll (D)
  2 ball pythons (D)
  5 endoplasms (D)
  A quokka (D)
  2 rats (D)
16 creatures vanquished.

Notes
Turn   | Place    | Note
-------+----------+-------------------------------------------
     0 | D        | mhtbhm the Troll Berserker began the quest for the Orb.
     0 | D        | Reached XP level 1. HP: 22/22 MP: 0/0
    57 | D        | Reached ** piety under Trog
   110 | D        | Reached skill level 3 in Axes
   110 | D        | Reached XP level 2. HP: 31/31 MP: 1/1
   158 | D        | Reached *** piety under Trog
   163 | D        | Reached XP level 3. HP: 39/39 MP: 2/2
   310 | D        | Found a bloodstained altar of Trog.
   310 | D        | Found a shimmering blue altar of Sif Muna.
   310 | D        | Found a viscous altar of Jiyva.
   310 | D        | Found a hazy altar of Hepliaklqana.
   310 | D        | Found an opulent altar of Gozag.
   344 | D        | Reached skill level 4 in Axes
   366 | D        | Noticed a scorpion
   372 | D        | Reached **** piety under Trog
   373 | D        | Reached XP level 4. HP: 49/49 MP: 3/3
   376 | D        | Reached skill level 5 in Fighting
   376 | D        | Reached skill level 5 in Axes
   413 | D        | Noticed a bullfrog
   420 | D        | Killed a bullfrog
   421 | D        | Reached skill level 6 in Axes
   421 | D        | Reached skill level 5 in Dodging
   421 | D        | Reached XP level 5. HP: 31/59 MP: 4/4
   455 | D        | Noticed an eight-headed hydra
   457 | D        | Mangled by an eight-headed hydra

Illustrated notes

Levels and vault maps discovered:
D:        pitsprint [storerooms_1, entrance_room_1, metal_vault_6, armoury_1,
          mini_pit_1, grid_room_1, main_hall_1, silver_pit, the_coven_3,
          the_vestibule_1, steel_vault_4, golden_pit, hallway_of_sentries,
          crystal_vault_2, iron_vault_2, final_vault]

Skill      XL: |  1  2  3  4 |
---------------+-------------+-----
Fighting       | 3 4 5 |  5.7
Axes           | 3 4 6 |  6.2
Dodging        | 3 4 5 |  5.3
Stealth        | |  0.2

Action                   |  1- 3 |  4- 6 || total
-------------------------+-------+-------++-------
Melee: Hand axe          |    21 |    11 ||    32
Invok: Berserk           |     4 |       ||     4
  Use: Potion            |       |     1 ||     1
Armor: Animal skin       |     5 |     2 ||     7
Dodge: Dodged            |     8 |     6 ||    14

Table legend: (Time is in decaauts)
 A = Elapsed time spent in this place.
 B = Non-inter-level travel time spent in this place.
 C = Inter-level travel time spent in this place.
 D = Time resting spent in this place.
 E = Time spent auto-exploring this place.
 F = Levels seen in this place.
 G = Mean time per level.
                   A        B        C        D        E       F      G
               +--------+--------+--------+--------+--------+-----+--------+
         Total |    492 |    492 |      0 |    287 |     18 |   1 |  492.0 |
       Dungeon |    492 |    492 |      0 |    287 |     18 |   1 |  492.0 |
               +--------+--------+--------+--------+--------+-----+--------+

Top non-repeatable levels by time:
       D: 492 daAuts
